Match 46127473
Unlisted

Match 46127473
End
Construct Barracks
Riflemen Squad
M1 Mortar Team
Riflemen Squad
Grenade Package
Riflemen Squad
Infantry Support Center
Construct Medical Station
Construct Motor Pool
Selects Armored Battlegroup
Selects Veteran Crews
Selects M31 Recovery Vehicle
M24 Chaffee Light Tank
Riflemen Squad
M31 Recovery Vehicle
Riflemen Squad
Selects War Machine
M1918 Browning Automatic Rifles
M24 Chaffee Light Tank
Rifle
Mochi_flamer
Achilles Gaming @ YouTube
So1os
秃鹫k
Ok.okokok
【POW】游骑
那谁_
0
0

Comments sign in to comment!

No comments posted yet!